 Dungeon Crawl Stone Soup version 0.28-a0-1622-gc30f734a66 (console) character file.

Game seed: 8915668131360034339

5 Colgate the Ruffian (level 1, 0/19 HPs)
             Began as a Palentonga Monk on Jan 23, 2022.
             Slain by a ball python (1 damage)
             ... on level 1 of the Dungeon.
             The game lasted 00:01:51 (218 turns).

Colgate the Ruffian (Palentonga Monk)                Turns: 218, Time: 00:01:52

Health: 0/19       AC:  4    Str: 14    XL:     1   Next: 66%
Magic:  1/1        EV: 10    Int: 10    God:
Gold:   17         SH:  0    Dex: 12    Spells: 0/0 levels left

rFire   . . .      SeeInvis +     - Unarmed
rCold   . . .      Faith    .   (no shield)
rNeg    . . .      Spirit   .   a - +0 robe
rPois   .          Reflect  .   (no helmet)
rElec   .          Harm     .   (no cloak)
rCorr   .          Rampage  .   (no gloves)
Will    .....                   (no barding)
Stlth   ++........              (no amulet)
HPRegen 0.06/turn               (no ring)
MPRegen 0.07/turn               (no ring)

@: no status effects
A: large, rugged brown scales 3, see invisible, deformed body, roll 1, armoured
tail
a: Rolling Charge


You were on level 1 of the Dungeon.
You visited 1 branch of the dungeon, and saw 1 of its levels.

You collected 17 gold pieces.

Inventory:

Missiles
 b - 71 stones
Armour
 a - a +0 robe (worn)
Scrolls
 c - a scroll of identify {unknown}


   Skills:
 - Level 3.0 Fighting
 - Level 2.4 Dodging
 - Level 1.2 Stealth
 + Level 3.4 Unarmed Combat


You couldn't memorise any spells.
You didn't know any spells.
Your spell library was empty.

Dungeon Overview and Level Annotations

Branches:
Dungeon (1/15)

Altars:


Innate Abilities, Weirdness & Mutations

You are completely covered in rugged brown scales. (AC +3, +7% HP)
You have supernaturally acute eyesight. (SInv)
Armour fits poorly on your strangely shaped body.
You can roll at nearby foes to attack.
You have a long armoured tail.


Message History

You closely miss the ball python. The jackal closely misses you.
The ball python barely misses you. The goblin closely misses you.
The endoplasm barely misses you.
There are monsters nearby!
You barely miss the goblin.
The goblin is severely wounded.
The jackal barely misses you. The ball python bites you.
The ball python bites you but does no damage.
The endoplasm freezes you.
You are frozen.
The goblin barely misses you.
You hit the goblin but do no damage.
The goblin is severely wounded.
The jackal bites you but does no damage.
A kobold comes into view. It is wielding a +0 dagger.
The ball python bites you. x2
* * * LOW HITPOINT WARNING * * *
The jackal bites you but does no damage.
You hit the ball python but do no damage.
Your tail-slap misses the ball python.
The goblin hits you with a +0 dagger.
* * * LOW HITPOINT WARNING * * *
The endoplasm hits you but does no damage.
The ball python barely misses you.
The ball python bites you but does no damage.
The jackal bites you but does no damage.
You hit the endoplasm. You tail-slap the endoplasm.
You kill the endoplasm!
The jackal bites you but does no damage.
The ball python bites you but does no damage. x2
The goblin hits you but does no damage.
The jackal bites you but does no damage.
You closely miss the ball python. You tail-slap the ball python.
The ball python is heavily wounded.
The jackal bites you but does no damage.
The ball python bites you but does no damage.
The ball python misses you. The goblin hits you with a +0 dagger.
* * * LOW HITPOINT WARNING * * *
The jackal barely misses you. x2
You barely miss the jackal.
The ball python bites you but does no damage.
The ball python bites you.
You die...

#.....##########
###.#.# #.#.#
#.#.# #.#.#
#######.#.##
#..........#
#..........#
#..........# .
#######.#+###....
#..g@S......
#..hhS......
#...h.......
#...........
.....K.......
...##.....####
.... #.....# ....
......#


You could see 3 jackals, a goblin, 2 ball pythons and a kobold.

Vanquished Creatures
  An endoplasm (D:1)
  A hobgoblin (D:1)
  A quokka (D:1)
  A ball python (D:1)
  A kobold (D:1)
5 creatures vanquished.

Notes
Turn   | Place    | Note
-------+----------+-------------------------------------------
     0 | D:1      | Colgate the Palentonga Monk began the quest for the Orb.
     0 | D:1      | Reached XP level 1. HP: 19/19 MP: 1/1
   218 | D:1      | Slain by a ball python

Illustrated notes

Levels and vault maps discovered:
D:1:      lemuel_arrival_muddy, layout_basic, st_stairs_10

Action                   || total
-------------------------++-------
Melee: Unarmed           ||    19
       Tailslap          ||     4
 Abil: Rolling Charge    ||     6
Armor: Robe              ||    19
Dodge: Dodged            ||    18

Table legend: (Time is in decaauts)
 A = Elapsed time spent in this place.
 B = Non-inter-level travel time spent in this place.
 C = Inter-level travel time spent in this place.
 D = Time resting spent in this place.
 E = Time spent auto-exploring this place.
 F = Levels seen in this place.
 G = Mean time per level.
                   A        B        C        D        E       F      G
               +--------+--------+--------+--------+--------+-----+--------+
         Total |    219 |    219 |      0 |      0 |    164 |   1 |  219.0 |
       Dungeon |    219 |    219 |      0 |      0 |    164 |   1 |  219.0 |
               +--------+--------+--------+--------+--------+-----+--------+

Top non-repeatable levels by time:
     D:1: 219 daAuts
